 Dungeon Crawl Stone Soup version 0.23.1 (webtiles) character file.

Game seed: 0

37 Borgoz the Sneak (level 3, 0/27 HPs)
             Began as a Ghoul Enchanter on Mar 8, 2019.
             Slain by an adder (4 damage)
             ... on level 2 of the Dungeon.
             The game lasted 00:02:56 (1723 turns).

Borgoz the Sneak (Ghoul Enchanter)                  Turns: 1723, Time: 00:02:57

Health: 0/27       AC:  6    Str: 11    XL:     3   Next: 39%
Magic:  1/4        EV: 10    Int: 11    God:
Gold:   38         SH:  0    Dex:  9    Spells: 2/5 levels left

rFire    . . .     SeeInvis .   m - +0 short sword
rCold    + . .     Gourm    .   (no shield)
rNeg     + + +     Faith    .   l - +0 ring mail
rPois    ∞         Spirit   .   (no helmet)
rElec    .         Reflect  .   (no cloak)
rCorr    .         Harm     .   (no gloves)
MR       .....                  n - +0 pair of boots
Stlth    ++........             (no amulet)
HPRegen  0.00/turn              (no ring)
MPRegen  0.09/turn              (no ring)

@: rotting, hasted, very quick
A: rotting body, claws 1, carnivore, cold resistance 1, negative energy
resistance 3, inhibited regeneration, torment resistance, unbreathing
a: no special abilities


You were on level 2 of the Dungeon.
You were not hungry.

You visited 1 branch of the dungeon, and saw 2 of its levels.

You collected 38 gold pieces.

Inventory:

Hand Weapons
 m - a +0 short sword (weapon)
Missiles
 a - 7 poisoned needles
Armour
 l - a +0 ring mail (worn)
 n - a +0 pair of boots (worn)
Scrolls
 e - 2 scrolls of remove curse {unknown}
 g - 2 scrolls of identify {unknown}
 i - a scroll of teleportation {unknown}
 j - 3 scrolls of immolation {unknown}
 k - a scroll of amnesia {unknown}
Potions
 b - a potion of might {unknown}
 c - a potion of heal wounds {unknown}
 f - a potion of magic {unknown}
 h - a potion of resistance {unknown}
 o - a potion of curing {unknown}
 r - a potion of lignification
Comestibles
 d - 5 rations
 p - a chunk of flesh


   Skills:
 + Level 0.4 Fighting
 + Level 1.3 Short Blades
 + Level 0.3 Armour
 + Level 1.9 Dodging
 + Level 3.8 Stealth
 + Level 1.9 Spellcasting
 + Level 2.8 Hexes


You had 2 spell levels left.
You knew the following spells:

 Your Spells              Type           Power        Failure   Level  Hunger
a - Corona                Hex            #......      22%         1    ##.....
b - Ensorcelled Hibernat  Hex/Ice        #.....       52%         2    ###....

Your spell library contained the following spells:

 Spells                   Type           Power        Failure   Level  Hunger
 Confuse                  Hex            #.......     56%         3    ####...
 Tukima's Dance           Hex            #.......     56%         3    ####...
 Dazzling Spray           Conj/Hex       #.....       77%         3    ####...


Dungeon Overview and Level Annotations

Branches:
Dungeon (2/15)

Altars:
Yredelemnul


Innate Abilities, Weirdness & Mutations

Your body is rotting away.
You thrive on raw meat.
You are immune to poison.
You have sharp fingernails.
You are carnivorous and can eat meat at any time.
Your flesh is cold resistant. (rC+)
You are immune to negative energy. (rN+++)
You do not regenerate when monsters are visible.
You are immune to unholy pain and torment.
You can survive without breathing.


Message History

* * * LOW HITPOINT WARNING * * *
It was a potion of lignification.
You feel woody for a moment. The adder closely misses you.
Okay, then.
It was a potion of haste.
You feel yourself speed up.
The adder bites you but does no damage. x2
Okay, then.
You hit the adder.
The adder is almost dead.
The adder bites you but does no damage.
You closely miss the adder.
The adder is almost dead.
The adder bites you but does no damage.
You miss the adder.
The adder is almost dead.
The adder bites you but does no damage.
You hit the adder.
The adder is almost dead.
The adder bites you.
You die...

#.....## ##........
#.####.## ##.########
#.# ##.###.## #.#
##.#.## #.# ##...##
#.### ##.....##
....###.......## .##
...............####.....
...............'@S......
....##.........####.....
.#..##........## ...
.......#.....## .
...######...## #.# .###
##'## #.# .# #.# #.#
.### #.# #.# ...#
##.#########.#


You could see an adder.

Vanquished Creatures
  An adder (D:2)
  A leopard gecko (D:1)
  2 giant cockroaches (D:2)
  7 goblins
  3 hobgoblins
  4 bats
  A frilled lizard (D:2)
  4 kobolds
  2 rats
25 creatures vanquished.

Notes
Turn   | Place    | Note
-------+----------+-------------------------------------------
     0 | D:1      | Borgoz the Ghoul Enchanter began the quest for the Orb.
     0 | D:1      | Reached XP level 1. HP: 14/14 MP: 2/2
   749 | D:1      | Reached XP level 2. HP: 20/20 MP: 3/3
   891 | D:1      | Learned a level 2 spell: Ensorcelled Hibernation
  1003 | D:2      | Found a basalt altar of Yredelemnul.
  1040 | D:2      | Reached skill level 1 in Short Blades
  1137 | D:2      | Reached XP level 3. HP: 13/27 MP: 0/4
  1723 | D:2      | Slain by an adder

Skill      XL: |  1  2 |
---------------+-------+-----
Short Blades   | 1 |  1.3
Fighting       | |  0.4
Armour         | |  0.3
Dodging        | |  1.9
Stealth        | |  3.8
Spellcasting   | |  1.9
Hexes          | |  2.8

Action                   || total
-------------------------++-------
Melee: Dagger            ||    23
       Short sword       ||    98
 Cast: Corona            ||     1
       Ensorcelled Hiber ||     2
  Use: Potion            ||     2
 Stab: Sleeping          ||     5
  Eat: Chunk             ||     8
Armor: Robe              ||     2
       Ring mail         ||    51
Dodge: Dodged            ||    50
